 Dungeon Crawl Stone Soup version 0.21.1-1-g345015f (webtiles) character file.

66 Monsterracer the Digger (level 4, 0/27 HPs)
             Began as an Octopode Earth Elementalist on Apr 15, 2018.
             Slain by a quasit (3 damage)
             ... summoned by Xom
             ... on level 2 of the Dungeon.
             The game lasted 00:10:55 (4255 turns).

Monsterracer the Digger (OpEE)                      Turns: 4255, Time: 00:10:55

Health: 0/27       AC:  3    Str:  7      XL:     4   Next: 15%
Magic:  0/7        EV: 12    Int: 18      God:    Xom [*.....]
Gold:   128        SH:  0    Dex:  4 (12) Spells: 2/8 levels left

rFire    . . .     SeeInvis .   a - +0 dagger
rCold    . . .     Gourm    .   (no shield)
rNeg     . . .     Faith    .   n - +2 hat
rPois    .         Spirit   .   (no amulet)
rElec    .         Reflect  .   (no ring)
rCorr    .         Harm     .   (no ring)
MR       .....     Clarity  +   (no ring)
Stlth    +++.......             (no ring)
HPRegen  0.09/turn              (no ring)
MPRegen  0.10/turn              (no ring)
                                (no ring)
                                (no ring)

@: no status effects
A: almost no armour, stealthy swim, amphibious, 8 rings, constrict 8, camouflage
1, clarity, deterioration 1, screaming 1, gelatinous body 1
a: Renounce Religion


You were on level 2 of the Dungeon.
You worshipped Xom.
You were a special plaything of Xom.
You were hungry.

You visited 1 branch of the dungeon, and saw 3 of its levels.

You collected 128 gold pieces.

Inventory:

Hand Weapons
 a - a +0 dagger (weapon)
Missiles
 b - 90 stones (quivered)
Armour
 n - a +2 hat (worn)
Scrolls
 e - 2 scrolls of immolation {unknown}
 f - a scroll of magic mapping {unknown}
 g - 3 scrolls of identify {unknown}
 j - 2 scrolls of teleportation {unknown}
 m - a scroll of blinking {unknown}
Potions
 h - a potion of might {unknown}
 i - a potion of berserk rage {unknown}
 k - a potion of lignification {unknown}
 l - 3 potions of curing {unknown}
 o - a potion of mutation {unknown}
Books
 d - a book of Geomancy

   Spells                             Type                      Level
   a - Sandblast                      Earth                        1
   b - Passwall                       Transmutation/Earth          2
   c - Stone Arrow                    Conjuration/Earth            3
   d - Petrify                        Transmutation/Earth          4
   e - Lee's Rapid Deconstruction     Earth                        5
Comestibles
 c - 6 rations


   Skills:
 - Level 2.0 Dodging
 + Level 3.7 Stealth
 + Level 2.6 Spellcasting
 + Level 0.8 Conjurations
 - Level 1.0 Transmutations
 * Level 3.9 Earth Magic


You had 2 spell levels left.
You knew the following spells:

 Your Spells              Type           Power        Failure   Level  Hunger
a - Sandblast             Erth           ###...       3%          1    #......
c - Stone Arrow           Conj/Erth      ##....       19%         3    ###....
x - Passwall              Tmut/Erth      ##........   10%         2    ##.....


Dungeon Overview and Level Annotations

Branches:
Dungeon (3/15)

Altars:
Dithmenos
Gozag
Hepliaklqana
Kikubaaqudgha
Makhleb
Qazlal
Ru
Sif Muna
Trog
Wu Jian
Xom
Zin

Annotations:
D:3 Jaiteiro's ghost, weakling CeHu


Innate Abilities, Weirdness & Mutations

You cannot wear most types of armour.
You are very stealthy in the water. (Stealth+)
You are amphibious.
You can wear up to eight rings at the same time.
You can use your tentacles to constrict eight enemies at once.
Your skin changes colour to match your surroundings (Stealth+).
Your rubbery body absorbs attacks. (AC +1, EV +1)
You possess an exceptional clarity of mind.
Your body sometimes deteriorates upon taking damage.
You occasionally shout uncontrollably at your foes.


Message History

Press: ? - help, Shift-Dir - straight line, f/p - quasit
Aim: a quasit (heavily wounded, summoned)
The blast of sand hits the quasit.
The quasit is severely wounded.
b - 94 stones The ufetubus closely misses you.
The ufetubus hits you. The quasit closely misses you. The quasit claws you.
The quasit claws you but does no damage.
The ufetubus hits you. x2
You take 7 damage, and have 14/27 hp.
MASSIVE DAMAGE!!
You now have 2/7 mp.
Casting: Sandblast
Confirm with . or Enter, or press ? or * to list all spells.
Aiming: Sandblast
Press: ? - help, Shift-Dir - straight line, f/p - quasit
Aim: a quasit (severely wounded, summoned)
The blast of sand hits the quasit.
The quasit is severely wounded.
b - 93 stones The quasit bites you but does no damage.
The quasit completely misses you.
The quasit claws you but does no damage.
The ufetubus barely misses you.
The ufetubus hits you but does no damage.
The quasit bites you.
* * * LOW HITPOINT WARNING * * *
You feel clumsy.
The quasit claws you but does no damage.
The quasit closely misses you.
You take 2 damage, and have 12/27 hp.
You now have 1/7 mp.
Casting: Sandblast
Confirm with . or Enter, or press ? or * to list all spells.
Aiming: Sandblast
Press: ? - help, Shift-Dir - straight line, f/p - quasit
Aim: a quasit (severely wounded, summoned)
The blast of sand hits the quasit.
The quasit is severely wounded.
b - 92 stones The ufetubus closely misses you.
The ufetubus barely misses you.
The quasit bites you but does no damage.
The quasit claws you.
* * * LOW HITPOINT WARNING * * *
The quasit claws you but does no damage.
The ufetubus closely misses you. The ufetubus barely misses you.
You take 2 damage, and have 10/27 hp.
You now have 0/7 mp.
Unknown command.
You are feeling hungry.
The quasit barely misses you. The quasit misses you.
The quasit claws you but does no damage.
The quasit closely misses you. The quasit misses you. x2
Casting: Sandblast
Confirm with . or Enter, or press ? or * to list all spells.
Aiming: Sandblast
Press: ? - help, Shift-Dir - straight line, f/p - quasit
Aim: a quasit (severely wounded, summoned)
The blast of sand misses the quasit.
The blast of sand hits the ufetubus.
You kill the ufetubus!
b - 91 stones The quasit completely misses you.
The quasit claws you but does no damage.
The quasit claws you.
* * * LOW HITPOINT WARNING * * *
You take 2 damage, and have 8/27 hp.
You now have 0/7 mp.
The quasit barely misses you. The quasit claws you.
* * * LOW HITPOINT WARNING * * *
The quasit barely misses you.
You take 1 damage, and have 7/27 hp.
The quasit bites you.
* * * LOW HITPOINT WARNING * * *
You feel clumsy.
The quasit claws you but does no damage.
The quasit claws you.
* * * LOW HITPOINT WARNING * * *
You feel clumsy.
You take 2 damage, and have 5/27 hp.
You miss the quasit. Your grab misses the quasit.
The quasit is severely wounded.
The quasit bites you.
* * * LOW HITPOINT WARNING * * *
You feel clumsy.
The quasit claws you but does no damage. x2
You take 1 damage, and have 4/27 hp.
Unknown command.
The quasit bites you but does no damage.
The quasit closely misses you.
The quasit claws you but does no damage.
Casting: Sandblast
Confirm with . or Enter, or press ? or * to list all spells.
Aiming: Sandblast
Press: ? - help, Shift-Dir - straight line, f/p - quasit
Aim: a quasit (severely wounded, summoned)
The blast of sand misses the quasit.
b - 90 stones The quasit bites you.
* * * LOW HITPOINT WARNING * * *
You feel clumsy.
The quasit claws you but does no damage. x2
You take 1 damage, and have 3/27 hp.
You now have 0/7 mp.
The quasit bites you.
You die... "What!?
That's it?"

#################### #.#
...................# #.#
##################.# #.#
#.........#>###### #.#
#.....###.#.#....# #.#####
##.....# #.#.#....###......
#...#### #.#.#......######. #...#
#5#.#......'..<...
#######...######@#.#......######.
............................># #.
#########...######.#.#.####### #.
# ###...# #.#.#.# #.
#######.....######.#.#.# #.
.....##.##.......#.#.#.# #.
####.##.##.....#.#.#.#.# #.
...#.##.#..........#.#.# #.
.....##.#...##.#.###.#.# #.


You could see a quasit.

Vanquished Creatures
  2 adders
  A worm (D:2)
  2 dart slugs (D:1)
  2 leopard geckos
  5 bats
  7 goblins
  4 hobgoblins
  5 kobolds
  A quokka (D:2)
  7 frilled lizards
  4 rats
40 creatures vanquished.

Notes
Turn   | Place    | Note
-------+----------+-------------------------------------------
     0 | D:1      | Monsterracer the Octopode Earth Elementalist began the quest for the Orb.
     0 | D:1      | Reached XP level 1. HP: 11/11 MP: 3/3
    92 | D:1      | Reached XP level 2. HP: 17/17 MP: 0/5
   374 | D:1      | Learned a level 2 spell: Passwall
   971 | D:2      | Reached XP level 3. HP: 21/21 MP: 6/6
   977 | D:2      | Learned a level 3 spell: Stone Arrow
  1457 | D:2      | Found a shimmering altar of Xom.
  1464 | D:2      | Found a stormy altar of Qazlal.
  1466 | D:2      | Found an opulent altar of Gozag.
  1467 | D:2      | Found a sacrificial altar of Ru.
  1468 | D:2      | Found a shadowy altar of Dithmenos.
  1468 | D:2      | Found a glowing silver altar of Zin.
  1468 | D:2      | Found a burning altar of Makhleb.
  1468 | D:2      | Found an ornate altar of the Wu Jian Council.
  1469 | D:2      | Found an ancient bone altar of Kikubaaqudgha.
  1470 | D:2      | Found a deep blue altar of Sif Muna.
  1471 | D:2      | Found a bloodstained altar of Trog.
  1472 | D:2      | Found a hazy altar of Hepliaklqana.
  1503 | D:2      | Became a worshipper of Xom of Chaos
  1613 | D:2      | XOM: harmless Erth miscast
  1746 | D:2      | XOM: harmless Air miscast
  1944 | D:2      | XOM: harmless Fire miscast
  1969 | D:2      | XOM: harmless Air miscast
  2196 | D:3      | Noticed Jaiteiro's ghost (weakling CeHu)
  2214 | D:3      | HP: 6/21 [Jaiteiro's ghost (8)]
  2214 | D:3      | XOM: smoke on damage
  2229 | D:3      | HP: 5/21 [Jaiteiro's ghost (1)]
  2459 | D:3      | HP: 7/21 [Jaiteiro's ghost (7)]
  2679 | D:3      | HP: 5/21 [Jaiteiro's ghost (6)]
  2969 | D:3      | XOM: potion effect (magic)
  2976 | D:3      | Reached XP level 4. HP: 21/27 MP: 0/7
  3136 | D:3      | HP: 13/27 [Jaiteiro's ghost (5)]
  3138 | D:3      | HP: 5/27 [Jaiteiro's ghost (7)]
  3169 | D:3      | XOM: give mutations
  3169 | D:3      | Gained mutation: Your body sometimes deteriorates upon taking damage. [Xom's mischief]
  3169 | D:3      | Gained mutation: You possess an exceptional clarity of mind. [Xom's mischief]
  3294 | D:2      | XOM: summons 2 hostile shadow creatures
  3298 | D:2      | HP: 13/27 [adder[Xom] (1)]
  3306 | D:2      | HP: 11/27 [poisoned by an adder]
  3314 | D:2      | HP: 9/27 [poisoned by an adder]
  3675 | D:3      | XOM: severe Hex miscast
  3680 | D:3      | Gained mutation: You occasionally shout uncontrollably at your foes. [mutagenic glow]
  3885 | D:3      | XOM: harmless Erth miscast
  3909 | D:3      | XOM: polymorph orc -> hound
  3912 | D:3      | Noticed a bullfrog
  3912 | D:3      | an iguana changed into a bullfrog
  3916 | D:3      | XOM: chaos upgrade
  3916 | D:3      | Noticed a wyvern
  3916 | D:3      | a bullfrog changed into a wyvern
  3917 | D:3      | Noticed a wolf
  3917 | D:3      | a wyvern changed into a wolf
  3922 | D:3      | XOM: summons 2 hostile demons
  3922 | D:3      | Noticed a boggart
  3922 | D:3      | a wolf changed into a boggart
  3923 | D:3      | Noticed a centaur
  3923 | D:3      | a boggart changed into a centaur
  3924 | D:3      | HP: 13/27 [iron imp[Xom] (2)]
  4150 | D:3      | XOM: butterfly on damage
  4227 | D:2      | XOM is BORED!
  4227 | D:2      | XOM: summons 2 hostile demons
  4237 | D:2      | HP: 12/27 [quasit[Xom] (2)]
  4244 | D:2      | HP: 8/27 [quasit[Xom] (2)]
  4249 | D:2      | HP: 6/27 [quasit[Xom] (1)]
  4254 | D:2      | HP: 3/27 [quasit[Xom] (1)]
  4255 | D:2      | Slain by a quasit

Skill      XL: |  1 |
---------------+----+-----
Stealth        | 3 |  3.7
Dodging        | |  2.0
Spellcasting   | |  2.6
Conjurations   | |  0.8
Transmutations | |  1.0
Earth Magic    | |  3.9

Action                   |  1- 3 |  4- 6 || total
-------------------------+-------+-------++-------
Melee: Unarmed           |    11 |       ||    11
       Dagger            |    43 |    14 ||    57
       Constrict         |    10 |     4 ||    14
       Tentacles         |     8 |     2 ||    10
 Cast: Sandblast         |    21 |    11 ||    32
       Stone Arrow       |     1 |     5 ||     6
 Stab: Sleeping          |    12 |     1 ||    13
  Eat: Chunk             |     4 |       ||     4
       Ration            |     1 |     1 ||     2
Armor: Skin              |    10 |    24 ||    34
Dodge: Dodged            |    40 |    37 ||    77

Vault maps used:
D:1:      lightli_arrival_boilingwater
D:2:      minitemple, hex_large, grunt_decor_one_mirror, st_stairs_6
D:3:      first_ration
